[gd_scene load_steps=6 format=2]

[ext_resource path="res://src/player/player.tscn" type="PackedScene" id=1]
[ext_resource path="res://src/scenes/test/slice33_33.png" type="Texture" id=2]
[ext_resource path="res://src/scenes/main.gd" type="Script" id=3]

[sub_resource type="QuadMesh" id=1]
size = Vector2( 5000, 100 )

[sub_resource type="RectangleShape2D" id=2]
extents = Vector2( 2500, 50 )

[node name="Node2D" type="Node2D"]
script = ExtResource( 3 )

[node name="Node2D" type="Node2D" parent="."]

[node name="Slice3334" type="Sprite" parent="Node2D"]
position = Vector2( -2331, -192 )
scale = Vector2( 5, 5 )
texture = ExtResource( 2 )

[node name="Slice3333" type="Sprite" parent="Node2D"]
position = Vector2( -1981, -192 )
scale = Vector2( 5, 5 )
texture = ExtResource( 2 )

[node name="Slice3335" type="Sprite" parent="Node2D"]
position = Vector2( -931, -192 )
scale = Vector2( 5, 5 )
texture = ExtResource( 2 )

[node name="Slice3336" type="Sprite" parent="Node2D"]
position = Vector2( -581, -192 )
scale = Vector2( 5, 5 )
texture = ExtResource( 2 )

[node name="Slice3337" type="Sprite" parent="Node2D"]
position = Vector2( -1631, -192 )
scale = Vector2( 5, 5 )
texture = ExtResource( 2 )

[node name="Slice3338" type="Sprite" parent="Node2D"]
position = Vector2( -1281, -192 )
scale = Vector2( 5, 5 )
texture = ExtResource( 2 )

[node name="Slice3339" type="Sprite" parent="Node2D"]
position = Vector2( -231, -192 )
scale = Vector2( 5, 5 )
texture = ExtResource( 2 )

[node name="Slice3340" type="Sprite" parent="Node2D"]
position = Vector2( 119, -192 )
scale = Vector2( 5, 5 )
texture = ExtResource( 2 )

[node name="Slice3341" type="Sprite" parent="Node2D"]
position = Vector2( 469, -192 )
scale = Vector2( 5, 5 )
texture = ExtResource( 2 )

[node name="Slice3342" type="Sprite" parent="Node2D"]
position = Vector2( 819, -192 )
scale = Vector2( 5, 5 )
texture = ExtResource( 2 )

[node name="Slice3343" type="Sprite" parent="Node2D"]
position = Vector2( 1869, -192 )
scale = Vector2( 5, 5 )
texture = ExtResource( 2 )

[node name="Slice3344" type="Sprite" parent="Node2D"]
position = Vector2( 2219, -192 )
scale = Vector2( 5, 5 )
texture = ExtResource( 2 )

[node name="Slice3345" type="Sprite" parent="Node2D"]
position = Vector2( 1169, -192 )
scale = Vector2( 5, 5 )
texture = ExtResource( 2 )

[node name="Slice3346" type="Sprite" parent="Node2D"]
position = Vector2( 1519, -192 )
scale = Vector2( 5, 5 )
texture = ExtResource( 2 )

[node name="Slice3347" type="Sprite" parent="Node2D"]
position = Vector2( 2569, -192 )
scale = Vector2( 5, 5 )
texture = ExtResource( 2 )

[node name="Slice3348" type="Sprite" parent="Node2D"]
position = Vector2( 2919, -192 )
scale = Vector2( 5, 5 )
texture = ExtResource( 2 )

[node name="Slice3349" type="Sprite" parent="Node2D"]
position = Vector2( -2331, 158 )
scale = Vector2( 5, 5 )
texture = ExtResource( 2 )

[node name="Slice3350" type="Sprite" parent="Node2D"]
position = Vector2( -1981, 158 )
scale = Vector2( 5, 5 )
texture = ExtResource( 2 )

[node name="Slice3351" type="Sprite" parent="Node2D"]
position = Vector2( -931, 158 )
scale = Vector2( 5, 5 )
texture = ExtResource( 2 )

[node name="Slice3352" type="Sprite" parent="Node2D"]
position = Vector2( -581, 158 )
scale = Vector2( 5, 5 )
texture = ExtResource( 2 )

[node name="Slice3353" type="Sprite" parent="Node2D"]
position = Vector2( -1631, 158 )
scale = Vector2( 5, 5 )
texture = ExtResource( 2 )

[node name="Slice3354" type="Sprite" parent="Node2D"]
position = Vector2( -1281, 158 )
scale = Vector2( 5, 5 )
texture = ExtResource( 2 )

[node name="Slice3355" type="Sprite" parent="Node2D"]
position = Vector2( -231, 158 )
scale = Vector2( 5, 5 )
texture = ExtResource( 2 )

[node name="Slice3356" type="Sprite" parent="Node2D"]
position = Vector2( 119, 158 )
scale = Vector2( 5, 5 )
texture = ExtResource( 2 )

[node name="Slice3357" type="Sprite" parent="Node2D"]
position = Vector2( 469, 158 )
scale = Vector2( 5, 5 )
texture = ExtResource( 2 )

[node name="Slice3358" type="Sprite" parent="Node2D"]
position = Vector2( 819, 158 )
scale = Vector2( 5, 5 )
texture = ExtResource( 2 )

[node name="Slice3359" type="Sprite" parent="Node2D"]
position = Vector2( 1869, 158 )
scale = Vector2( 5, 5 )
texture = ExtResource( 2 )

[node name="Slice3360" type="Sprite" parent="Node2D"]
position = Vector2( 2219, 158 )
scale = Vector2( 5, 5 )
texture = ExtResource( 2 )

[node name="Slice3361" type="Sprite" parent="Node2D"]
position = Vector2( 1169, 158 )
scale = Vector2( 5, 5 )
texture = ExtResource( 2 )

[node name="Slice3362" type="Sprite" parent="Node2D"]
position = Vector2( 1519, 158 )
scale = Vector2( 5, 5 )
texture = ExtResource( 2 )

[node name="Slice3363" type="Sprite" parent="Node2D"]
position = Vector2( 2569, 158 )
scale = Vector2( 5, 5 )
texture = ExtResource( 2 )

[node name="Slice3364" type="Sprite" parent="Node2D"]
position = Vector2( 2919, 158 )
scale = Vector2( 5, 5 )
texture = ExtResource( 2 )

[node name="Slice3365" type="Sprite" parent="Node2D"]
position = Vector2( -2331, 508 )
scale = Vector2( 5, 5 )
texture = ExtResource( 2 )

[node name="Slice3366" type="Sprite" parent="Node2D"]
position = Vector2( -1981, 508 )
scale = Vector2( 5, 5 )
texture = ExtResource( 2 )

[node name="Slice3367" type="Sprite" parent="Node2D"]
position = Vector2( -931, 508 )
scale = Vector2( 5, 5 )
texture = ExtResource( 2 )

[node name="Slice3368" type="Sprite" parent="Node2D"]
position = Vector2( -581, 508 )
scale = Vector2( 5, 5 )
texture = ExtResource( 2 )

[node name="Slice3369" type="Sprite" parent="Node2D"]
position = Vector2( -1631, 508 )
scale = Vector2( 5, 5 )
texture = ExtResource( 2 )

[node name="Slice3370" type="Sprite" parent="Node2D"]
position = Vector2( -1281, 508 )
scale = Vector2( 5, 5 )
texture = ExtResource( 2 )

[node name="Slice3371" type="Sprite" parent="Node2D"]
position = Vector2( -231, 508 )
scale = Vector2( 5, 5 )
texture = ExtResource( 2 )

[node name="Slice3372" type="Sprite" parent="Node2D"]
position = Vector2( 119, 508 )
scale = Vector2( 5, 5 )
texture = ExtResource( 2 )

[node name="Slice3373" type="Sprite" parent="Node2D"]
position = Vector2( 469, 508 )
scale = Vector2( 5, 5 )
texture = ExtResource( 2 )

[node name="Slice3374" type="Sprite" parent="Node2D"]
position = Vector2( 819, 508 )
scale = Vector2( 5, 5 )
texture = ExtResource( 2 )

[node name="Slice3375" type="Sprite" parent="Node2D"]
position = Vector2( 1869, 508 )
scale = Vector2( 5, 5 )
texture = ExtResource( 2 )

[node name="Slice3376" type="Sprite" parent="Node2D"]
position = Vector2( 2219, 508 )
scale = Vector2( 5, 5 )
texture = ExtResource( 2 )

[node name="Slice3377" type="Sprite" parent="Node2D"]
position = Vector2( 1169, 508 )
scale = Vector2( 5, 5 )
texture = ExtResource( 2 )

[node name="Slice3378" type="Sprite" parent="Node2D"]
position = Vector2( 1519, 508 )
scale = Vector2( 5, 5 )
texture = ExtResource( 2 )

[node name="Slice3379" type="Sprite" parent="Node2D"]
position = Vector2( 2569, 508 )
scale = Vector2( 5, 5 )
texture = ExtResource( 2 )

[node name="Slice3380" type="Sprite" parent="Node2D"]
position = Vector2( 2919, 508 )
scale = Vector2( 5, 5 )
texture = ExtResource( 2 )

[node name="Slice3381" type="Sprite" parent="Node2D"]
position = Vector2( -2331, 858 )
scale = Vector2( 5, 5 )
texture = ExtResource( 2 )

[node name="Slice3382" type="Sprite" parent="Node2D"]
position = Vector2( -1981, 858 )
scale = Vector2( 5, 5 )
texture = ExtResource( 2 )

[node name="Slice3383" type="Sprite" parent="Node2D"]
position = Vector2( -930.999, 858 )
scale = Vector2( 5, 5 )
texture = ExtResource( 2 )

[node name="Slice3384" type="Sprite" parent="Node2D"]
position = Vector2( -580.999, 858 )
scale = Vector2( 5, 5 )
texture = ExtResource( 2 )

[node name="Slice3385" type="Sprite" parent="Node2D"]
position = Vector2( -1631, 858 )
scale = Vector2( 5, 5 )
texture = ExtResource( 2 )

[node name="Slice3386" type="Sprite" parent="Node2D"]
position = Vector2( -1281, 858 )
scale = Vector2( 5, 5 )
texture = ExtResource( 2 )

[node name="Slice3387" type="Sprite" parent="Node2D"]
position = Vector2( -230.999, 858 )
scale = Vector2( 5, 5 )
texture = ExtResource( 2 )

[node name="Slice3388" type="Sprite" parent="Node2D"]
position = Vector2( 119, 858 )
scale = Vector2( 5, 5 )
texture = ExtResource( 2 )

[node name="Slice3389" type="Sprite" parent="Node2D"]
position = Vector2( 469.001, 858 )
scale = Vector2( 5, 5 )
texture = ExtResource( 2 )

[node name="Slice3390" type="Sprite" parent="Node2D"]
position = Vector2( 819.001, 858 )
scale = Vector2( 5, 5 )
texture = ExtResource( 2 )

[node name="Slice3391" type="Sprite" parent="Node2D"]
position = Vector2( 1869, 858 )
scale = Vector2( 5, 5 )
texture = ExtResource( 2 )

[node name="Slice3392" type="Sprite" parent="Node2D"]
position = Vector2( 2219, 858 )
scale = Vector2( 5, 5 )
texture = ExtResource( 2 )

[node name="Slice3393" type="Sprite" parent="Node2D"]
position = Vector2( 1169, 858 )
scale = Vector2( 5, 5 )
texture = ExtResource( 2 )

[node name="Slice3394" type="Sprite" parent="Node2D"]
position = Vector2( 1519, 858 )
scale = Vector2( 5, 5 )
texture = ExtResource( 2 )

[node name="Slice3395" type="Sprite" parent="Node2D"]
position = Vector2( 2569, 858 )
scale = Vector2( 5, 5 )
texture = ExtResource( 2 )

[node name="Slice3396" type="Sprite" parent="Node2D"]
position = Vector2( 2919, 858 )
scale = Vector2( 5, 5 )
texture = ExtResource( 2 )

[node name="Slice3397" type="Sprite" parent="Node2D"]
position = Vector2( -2331, 1208 )
scale = Vector2( 5, 5 )
texture = ExtResource( 2 )

[node name="Slice3398" type="Sprite" parent="Node2D"]
position = Vector2( -1981, 1208 )
scale = Vector2( 5, 5 )
texture = ExtResource( 2 )

[node name="Slice3399" type="Sprite" parent="Node2D"]
position = Vector2( -931, 1208 )
scale = Vector2( 5, 5 )
texture = ExtResource( 2 )

[node name="Slice3400" type="Sprite" parent="Node2D"]
position = Vector2( -581, 1208 )
scale = Vector2( 5, 5 )
texture = ExtResource( 2 )

[node name="Slice3401" type="Sprite" parent="Node2D"]
position = Vector2( -1631, 1208 )
scale = Vector2( 5, 5 )
texture = ExtResource( 2 )

[node name="Slice3402" type="Sprite" parent="Node2D"]
position = Vector2( -1281, 1208 )
scale = Vector2( 5, 5 )
texture = ExtResource( 2 )

[node name="Slice3403" type="Sprite" parent="Node2D"]
position = Vector2( -231, 1208 )
scale = Vector2( 5, 5 )
texture = ExtResource( 2 )

[node name="Slice3404" type="Sprite" parent="Node2D"]
position = Vector2( 119, 1208 )
scale = Vector2( 5, 5 )
texture = ExtResource( 2 )

[node name="Slice3405" type="Sprite" parent="Node2D"]
position = Vector2( 469.001, 1208 )
scale = Vector2( 5, 5 )
texture = ExtResource( 2 )

[node name="Slice3406" type="Sprite" parent="Node2D"]
position = Vector2( 819.001, 1208 )
scale = Vector2( 5, 5 )
texture = ExtResource( 2 )

[node name="Slice3407" type="Sprite" parent="Node2D"]
position = Vector2( 1869, 1208 )
scale = Vector2( 5, 5 )
texture = ExtResource( 2 )

[node name="Slice3408" type="Sprite" parent="Node2D"]
position = Vector2( 2219, 1208 )
scale = Vector2( 5, 5 )
texture = ExtResource( 2 )

[node name="Slice3409" type="Sprite" parent="Node2D"]
position = Vector2( 1169, 1208 )
scale = Vector2( 5, 5 )
texture = ExtResource( 2 )

[node name="Slice3410" type="Sprite" parent="Node2D"]
position = Vector2( 1519, 1208 )
scale = Vector2( 5, 5 )
texture = ExtResource( 2 )

[node name="Slice3411" type="Sprite" parent="Node2D"]
position = Vector2( 2569, 1208 )
scale = Vector2( 5, 5 )
texture = ExtResource( 2 )

[node name="Slice3412" type="Sprite" parent="Node2D"]
position = Vector2( 2919, 1208 )
scale = Vector2( 5, 5 )
texture = ExtResource( 2 )

[node name="Slice3413" type="Sprite" parent="Node2D"]
position = Vector2( -2331, 1558 )
scale = Vector2( 5, 5 )
texture = ExtResource( 2 )

[node name="Slice3414" type="Sprite" parent="Node2D"]
position = Vector2( -1981, 1558 )
scale = Vector2( 5, 5 )
texture = ExtResource( 2 )

[node name="Slice3415" type="Sprite" parent="Node2D"]
position = Vector2( -931, 1558 )
scale = Vector2( 5, 5 )
texture = ExtResource( 2 )

[node name="Slice3416" type="Sprite" parent="Node2D"]
position = Vector2( -581, 1558 )
scale = Vector2( 5, 5 )
texture = ExtResource( 2 )

[node name="Slice3417" type="Sprite" parent="Node2D"]
position = Vector2( -1631, 1558 )
scale = Vector2( 5, 5 )
texture = ExtResource( 2 )

[node name="Slice3418" type="Sprite" parent="Node2D"]
position = Vector2( -1281, 1558 )
scale = Vector2( 5, 5 )
texture = ExtResource( 2 )

[node name="Slice3419" type="Sprite" parent="Node2D"]
position = Vector2( -231, 1558 )
scale = Vector2( 5, 5 )
texture = ExtResource( 2 )

[node name="Slice3420" type="Sprite" parent="Node2D"]
position = Vector2( 119, 1558 )
scale = Vector2( 5, 5 )
texture = ExtResource( 2 )

[node name="Slice3421" type="Sprite" parent="Node2D"]
position = Vector2( 469, 1558 )
scale = Vector2( 5, 5 )
texture = ExtResource( 2 )

[node name="Slice3422" type="Sprite" parent="Node2D"]
position = Vector2( 819, 1558 )
scale = Vector2( 5, 5 )
texture = ExtResource( 2 )

[node name="Slice3423" type="Sprite" parent="Node2D"]
position = Vector2( 1869, 1558 )
scale = Vector2( 5, 5 )
texture = ExtResource( 2 )

[node name="Slice3424" type="Sprite" parent="Node2D"]
position = Vector2( 2219, 1558 )
scale = Vector2( 5, 5 )
texture = ExtResource( 2 )

[node name="Slice3425" type="Sprite" parent="Node2D"]
position = Vector2( 1169, 1558 )
scale = Vector2( 5, 5 )
texture = ExtResource( 2 )

[node name="Slice3426" type="Sprite" parent="Node2D"]
position = Vector2( 1519, 1558 )
scale = Vector2( 5, 5 )
texture = ExtResource( 2 )

[node name="Slice3427" type="Sprite" parent="Node2D"]
position = Vector2( 2569, 1558 )
scale = Vector2( 5, 5 )
texture = ExtResource( 2 )

[node name="Slice3428" type="Sprite" parent="Node2D"]
position = Vector2( 2919, 1558 )
scale = Vector2( 5, 5 )
texture = ExtResource( 2 )

[node name="Slice3429" type="Sprite" parent="Node2D"]
position = Vector2( -2331, 1908 )
scale = Vector2( 5, 5 )
texture = ExtResource( 2 )

[node name="Slice3430" type="Sprite" parent="Node2D"]
position = Vector2( -1981, 1908 )
scale = Vector2( 5, 5 )
texture = ExtResource( 2 )

[node name="Slice3431" type="Sprite" parent="Node2D"]
position = Vector2( -931, 1908 )
scale = Vector2( 5, 5 )
texture = ExtResource( 2 )

[node name="Slice3432" type="Sprite" parent="Node2D"]
position = Vector2( -581, 1908 )
scale = Vector2( 5, 5 )
texture = ExtResource( 2 )

[node name="Slice3433" type="Sprite" parent="Node2D"]
position = Vector2( -1631, 1908 )
scale = Vector2( 5, 5 )
texture = ExtResource( 2 )

[node name="Slice3434" type="Sprite" parent="Node2D"]
position = Vector2( -1281, 1908 )
scale = Vector2( 5, 5 )
texture = ExtResource( 2 )

[node name="Slice3435" type="Sprite" parent="Node2D"]
position = Vector2( -231, 1908 )
scale = Vector2( 5, 5 )
texture = ExtResource( 2 )

[node name="Slice3436" type="Sprite" parent="Node2D"]
position = Vector2( 119, 1908 )
scale = Vector2( 5, 5 )
texture = ExtResource( 2 )

[node name="Slice3437" type="Sprite" parent="Node2D"]
position = Vector2( 469.001, 1908 )
scale = Vector2( 5, 5 )
texture = ExtResource( 2 )

[node name="Slice3438" type="Sprite" parent="Node2D"]
position = Vector2( 819.001, 1908 )
scale = Vector2( 5, 5 )
texture = ExtResource( 2 )

[node name="Slice3439" type="Sprite" parent="Node2D"]
position = Vector2( 1869, 1908 )
scale = Vector2( 5, 5 )
texture = ExtResource( 2 )

[node name="Slice3440" type="Sprite" parent="Node2D"]
position = Vector2( 2219, 1908 )
scale = Vector2( 5, 5 )
texture = ExtResource( 2 )

[node name="Slice3441" type="Sprite" parent="Node2D"]
position = Vector2( 1169, 1908 )
scale = Vector2( 5, 5 )
texture = ExtResource( 2 )

[node name="Slice3442" type="Sprite" parent="Node2D"]
position = Vector2( 1519, 1908 )
scale = Vector2( 5, 5 )
texture = ExtResource( 2 )

[node name="Slice3443" type="Sprite" parent="Node2D"]
position = Vector2( 2569, 1908 )
scale = Vector2( 5, 5 )
texture = ExtResource( 2 )

[node name="Slice3444" type="Sprite" parent="Node2D"]
position = Vector2( 2919, 1908 )
scale = Vector2( 5, 5 )
texture = ExtResource( 2 )

[node name="Slice3445" type="Sprite" parent="Node2D"]
position = Vector2( -2331, 2258 )
scale = Vector2( 5, 5 )
texture = ExtResource( 2 )

[node name="Slice3446" type="Sprite" parent="Node2D"]
position = Vector2( -1981, 2258 )
scale = Vector2( 5, 5 )
texture = ExtResource( 2 )

[node name="Slice3447" type="Sprite" parent="Node2D"]
position = Vector2( -930.999, 2258 )
scale = Vector2( 5, 5 )
texture = ExtResource( 2 )

[node name="Slice3448" type="Sprite" parent="Node2D"]
position = Vector2( -580.999, 2258 )
scale = Vector2( 5, 5 )
texture = ExtResource( 2 )

[node name="Slice3449" type="Sprite" parent="Node2D"]
position = Vector2( -1631, 2258 )
scale = Vector2( 5, 5 )
texture = ExtResource( 2 )

[node name="Slice3450" type="Sprite" parent="Node2D"]
position = Vector2( -1281, 2258 )
scale = Vector2( 5, 5 )
texture = ExtResource( 2 )

[node name="Slice3451" type="Sprite" parent="Node2D"]
position = Vector2( -230.999, 2258 )
scale = Vector2( 5, 5 )
texture = ExtResource( 2 )

[node name="Slice3452" type="Sprite" parent="Node2D"]
position = Vector2( 119, 2258 )
scale = Vector2( 5, 5 )
texture = ExtResource( 2 )

[node name="Slice3453" type="Sprite" parent="Node2D"]
position = Vector2( 469.001, 2258 )
scale = Vector2( 5, 5 )
texture = ExtResource( 2 )

[node name="Slice3454" type="Sprite" parent="Node2D"]
position = Vector2( 819.001, 2258 )
scale = Vector2( 5, 5 )
texture = ExtResource( 2 )

[node name="Slice3455" type="Sprite" parent="Node2D"]
position = Vector2( 1869, 2258 )
scale = Vector2( 5, 5 )
texture = ExtResource( 2 )

[node name="Slice3456" type="Sprite" parent="Node2D"]
position = Vector2( 2219, 2258 )
scale = Vector2( 5, 5 )
texture = ExtResource( 2 )

[node name="Slice3457" type="Sprite" parent="Node2D"]
position = Vector2( 1169, 2258 )
scale = Vector2( 5, 5 )
texture = ExtResource( 2 )

[node name="Slice3458" type="Sprite" parent="Node2D"]
position = Vector2( 1519, 2258 )
scale = Vector2( 5, 5 )
texture = ExtResource( 2 )

[node name="Slice3459" type="Sprite" parent="Node2D"]
position = Vector2( 2569, 2258 )
scale = Vector2( 5, 5 )
texture = ExtResource( 2 )

[node name="Slice3460" type="Sprite" parent="Node2D"]
position = Vector2( 2919, 2258 )
scale = Vector2( 5, 5 )
texture = ExtResource( 2 )

[node name="Slice3461" type="Sprite" parent="Node2D"]
position = Vector2( -2331, 2608 )
scale = Vector2( 5, 5 )
texture = ExtResource( 2 )

[node name="Slice3462" type="Sprite" parent="Node2D"]
position = Vector2( -1981, 2608 )
scale = Vector2( 5, 5 )
texture = ExtResource( 2 )

[node name="Slice3463" type="Sprite" parent="Node2D"]
position = Vector2( -930.999, 2608 )
scale = Vector2( 5, 5 )
texture = ExtResource( 2 )

[node name="Slice3464" type="Sprite" parent="Node2D"]
position = Vector2( -580.999, 2608 )
scale = Vector2( 5, 5 )
texture = ExtResource( 2 )

[node name="Slice3465" type="Sprite" parent="Node2D"]
position = Vector2( -1631, 2608 )
scale = Vector2( 5, 5 )
texture = ExtResource( 2 )

[node name="Slice3466" type="Sprite" parent="Node2D"]
position = Vector2( -1281, 2608 )
scale = Vector2( 5, 5 )
texture = ExtResource( 2 )

[node name="Slice3467" type="Sprite" parent="Node2D"]
position = Vector2( -230.999, 2608 )
scale = Vector2( 5, 5 )
texture = ExtResource( 2 )

[node name="Slice3468" type="Sprite" parent="Node2D"]
position = Vector2( 119, 2608 )
scale = Vector2( 5, 5 )
texture = ExtResource( 2 )

[node name="Slice3469" type="Sprite" parent="Node2D"]
position = Vector2( 469.001, 2608 )
scale = Vector2( 5, 5 )
texture = ExtResource( 2 )

[node name="Slice3470" type="Sprite" parent="Node2D"]
position = Vector2( 819.001, 2608 )
scale = Vector2( 5, 5 )
texture = ExtResource( 2 )

[node name="Slice3471" type="Sprite" parent="Node2D"]
position = Vector2( 1869, 2608 )
scale = Vector2( 5, 5 )
texture = ExtResource( 2 )

[node name="Slice3472" type="Sprite" parent="Node2D"]
position = Vector2( 2219, 2608 )
scale = Vector2( 5, 5 )
texture = ExtResource( 2 )

[node name="Slice3473" type="Sprite" parent="Node2D"]
position = Vector2( 1169, 2608 )
scale = Vector2( 5, 5 )
texture = ExtResource( 2 )

[node name="Slice3474" type="Sprite" parent="Node2D"]
position = Vector2( 1519, 2608 )
scale = Vector2( 5, 5 )
texture = ExtResource( 2 )

[node name="Slice3475" type="Sprite" parent="Node2D"]
position = Vector2( 2569, 2608 )
scale = Vector2( 5, 5 )
texture = ExtResource( 2 )

[node name="Slice3476" type="Sprite" parent="Node2D"]
position = Vector2( 2919, 2608 )
scale = Vector2( 5, 5 )
texture = ExtResource( 2 )

[node name="Slice3477" type="Sprite" parent="Node2D"]
position = Vector2( -2331, 2958 )
scale = Vector2( 5, 5 )
texture = ExtResource( 2 )

[node name="Slice3478" type="Sprite" parent="Node2D"]
position = Vector2( -1981, 2958 )
scale = Vector2( 5, 5 )
texture = ExtResource( 2 )

[node name="Slice3479" type="Sprite" parent="Node2D"]
position = Vector2( -931, 2958 )
scale = Vector2( 5, 5 )
texture = ExtResource( 2 )

[node name="Slice3480" type="Sprite" parent="Node2D"]
position = Vector2( -581, 2958 )
scale = Vector2( 5, 5 )
texture = ExtResource( 2 )

[node name="Slice3481" type="Sprite" parent="Node2D"]
position = Vector2( -1631, 2958 )
scale = Vector2( 5, 5 )
texture = ExtResource( 2 )

[node name="Slice3482" type="Sprite" parent="Node2D"]
position = Vector2( -1281, 2958 )
scale = Vector2( 5, 5 )
texture = ExtResource( 2 )

[node name="Slice3483" type="Sprite" parent="Node2D"]
position = Vector2( -231, 2958 )
scale = Vector2( 5, 5 )
texture = ExtResource( 2 )

[node name="Slice3484" type="Sprite" parent="Node2D"]
position = Vector2( 119, 2958 )
scale = Vector2( 5, 5 )
texture = ExtResource( 2 )

[node name="Slice3485" type="Sprite" parent="Node2D"]
position = Vector2( 469.001, 2958 )
scale = Vector2( 5, 5 )
texture = ExtResource( 2 )

[node name="Slice3486" type="Sprite" parent="Node2D"]
position = Vector2( 819.001, 2958 )
scale = Vector2( 5, 5 )
texture = ExtResource( 2 )

[node name="Slice3487" type="Sprite" parent="Node2D"]
position = Vector2( 1869, 2958 )
scale = Vector2( 5, 5 )
texture = ExtResource( 2 )

[node name="Slice3488" type="Sprite" parent="Node2D"]
position = Vector2( 2219, 2958 )
scale = Vector2( 5, 5 )
texture = ExtResource( 2 )

[node name="Slice3489" type="Sprite" parent="Node2D"]
position = Vector2( 1169, 2958 )
scale = Vector2( 5, 5 )
texture = ExtResource( 2 )

[node name="Slice3490" type="Sprite" parent="Node2D"]
position = Vector2( 1519, 2958 )
scale = Vector2( 5, 5 )
texture = ExtResource( 2 )

[node name="Slice3491" type="Sprite" parent="Node2D"]
position = Vector2( 2569, 2958 )
scale = Vector2( 5, 5 )
texture = ExtResource( 2 )

[node name="Slice3492" type="Sprite" parent="Node2D"]
position = Vector2( 2919, 2958 )
scale = Vector2( 5, 5 )
texture = ExtResource( 2 )

[node name="Slice3493" type="Sprite" parent="Node2D"]
position = Vector2( -2331, 3308 )
scale = Vector2( 5, 5 )
texture = ExtResource( 2 )

[node name="Slice3494" type="Sprite" parent="Node2D"]
position = Vector2( -1981, 3308 )
scale = Vector2( 5, 5 )
texture = ExtResource( 2 )

[node name="Slice3495" type="Sprite" parent="Node2D"]
position = Vector2( -930.999, 3308 )
scale = Vector2( 5, 5 )
texture = ExtResource( 2 )

[node name="Slice3496" type="Sprite" parent="Node2D"]
position = Vector2( -580.999, 3308 )
scale = Vector2( 5, 5 )
texture = ExtResource( 2 )

[node name="Slice3497" type="Sprite" parent="Node2D"]
position = Vector2( -1631, 3308 )
scale = Vector2( 5, 5 )
texture = ExtResource( 2 )

[node name="Slice3498" type="Sprite" parent="Node2D"]
position = Vector2( -1281, 3308 )
scale = Vector2( 5, 5 )
texture = ExtResource( 2 )

[node name="Slice3499" type="Sprite" parent="Node2D"]
position = Vector2( -230.999, 3308 )
scale = Vector2( 5, 5 )
texture = ExtResource( 2 )

[node name="Slice3500" type="Sprite" parent="Node2D"]
position = Vector2( 119, 3308 )
scale = Vector2( 5, 5 )
texture = ExtResource( 2 )

[node name="Slice3501" type="Sprite" parent="Node2D"]
position = Vector2( 469.001, 3308 )
scale = Vector2( 5, 5 )
texture = ExtResource( 2 )

[node name="Slice3502" type="Sprite" parent="Node2D"]
position = Vector2( 819.001, 3308 )
scale = Vector2( 5, 5 )
texture = ExtResource( 2 )

[node name="Slice3503" type="Sprite" parent="Node2D"]
position = Vector2( 1869, 3308 )
scale = Vector2( 5, 5 )
texture = ExtResource( 2 )

[node name="Slice3504" type="Sprite" parent="Node2D"]
position = Vector2( 2219, 3308 )
scale = Vector2( 5, 5 )
texture = ExtResource( 2 )

[node name="Slice3505" type="Sprite" parent="Node2D"]
position = Vector2( 1169, 3308 )
scale = Vector2( 5, 5 )
texture = ExtResource( 2 )

[node name="Slice3506" type="Sprite" parent="Node2D"]
position = Vector2( 1519, 3308 )
scale = Vector2( 5, 5 )
texture = ExtResource( 2 )

[node name="Slice3507" type="Sprite" parent="Node2D"]
position = Vector2( 2569, 3308 )
scale = Vector2( 5, 5 )
texture = ExtResource( 2 )

[node name="Slice3508" type="Sprite" parent="Node2D"]
position = Vector2( 2919, 3308 )
scale = Vector2( 5, 5 )
texture = ExtResource( 2 )

[node name="Slice3509" type="Sprite" parent="Node2D"]
position = Vector2( -2331, 3658 )
scale = Vector2( 5, 5 )
texture = ExtResource( 2 )

[node name="Slice3510" type="Sprite" parent="Node2D"]
position = Vector2( -1981, 3658 )
scale = Vector2( 5, 5 )
texture = ExtResource( 2 )

[node name="Slice3511" type="Sprite" parent="Node2D"]
position = Vector2( -930.999, 3658 )
scale = Vector2( 5, 5 )
texture = ExtResource( 2 )

[node name="Slice3512" type="Sprite" parent="Node2D"]
position = Vector2( -580.999, 3658 )
scale = Vector2( 5, 5 )
texture = ExtResource( 2 )

[node name="Slice3513" type="Sprite" parent="Node2D"]
position = Vector2( -1631, 3658 )
scale = Vector2( 5, 5 )
texture = ExtResource( 2 )

[node name="Slice3514" type="Sprite" parent="Node2D"]
position = Vector2( -1281, 3658 )
scale = Vector2( 5, 5 )
texture = ExtResource( 2 )

[node name="Slice3515" type="Sprite" parent="Node2D"]
position = Vector2( -230.999, 3658 )
scale = Vector2( 5, 5 )
texture = ExtResource( 2 )

[node name="Slice3516" type="Sprite" parent="Node2D"]
position = Vector2( 119.001, 3658 )
scale = Vector2( 5, 5 )
texture = ExtResource( 2 )

[node name="Slice3517" type="Sprite" parent="Node2D"]
position = Vector2( 469.001, 3658 )
scale = Vector2( 5, 5 )
texture = ExtResource( 2 )

[node name="Slice3518" type="Sprite" parent="Node2D"]
position = Vector2( 819.001, 3658 )
scale = Vector2( 5, 5 )
texture = ExtResource( 2 )

[node name="Slice3519" type="Sprite" parent="Node2D"]
position = Vector2( 1869, 3658 )
scale = Vector2( 5, 5 )
texture = ExtResource( 2 )

[node name="Slice3520" type="Sprite" parent="Node2D"]
position = Vector2( 2219, 3658 )
scale = Vector2( 5, 5 )
texture = ExtResource( 2 )

[node name="Slice3521" type="Sprite" parent="Node2D"]
position = Vector2( 1169, 3658 )
scale = Vector2( 5, 5 )
texture = ExtResource( 2 )

[node name="Slice3522" type="Sprite" parent="Node2D"]
position = Vector2( 1519, 3658 )
scale = Vector2( 5, 5 )
texture = ExtResource( 2 )

[node name="Slice3523" type="Sprite" parent="Node2D"]
position = Vector2( 2569, 3658 )
scale = Vector2( 5, 5 )
texture = ExtResource( 2 )

[node name="Slice3524" type="Sprite" parent="Node2D"]
position = Vector2( 2919, 3658 )
scale = Vector2( 5, 5 )
texture = ExtResource( 2 )

[node name="Slice3525" type="Sprite" parent="Node2D"]
position = Vector2( -2331, 4008 )
scale = Vector2( 5, 5 )
texture = ExtResource( 2 )

[node name="Slice3526" type="Sprite" parent="Node2D"]
position = Vector2( -1981, 4008 )
scale = Vector2( 5, 5 )
texture = ExtResource( 2 )

[node name="Slice3527" type="Sprite" parent="Node2D"]
position = Vector2( -930.999, 4008 )
scale = Vector2( 5, 5 )
texture = ExtResource( 2 )

[node name="Slice3528" type="Sprite" parent="Node2D"]
position = Vector2( -580.999, 4008 )
scale = Vector2( 5, 5 )
texture = ExtResource( 2 )

[node name="Slice3529" type="Sprite" parent="Node2D"]
position = Vector2( -1631, 4008 )
scale = Vector2( 5, 5 )
texture = ExtResource( 2 )

[node name="Slice3530" type="Sprite" parent="Node2D"]
position = Vector2( -1281, 4008 )
scale = Vector2( 5, 5 )
texture = ExtResource( 2 )

[node name="Slice3531" type="Sprite" parent="Node2D"]
position = Vector2( -230.999, 4008 )
scale = Vector2( 5, 5 )
texture = ExtResource( 2 )

[node name="Slice3532" type="Sprite" parent="Node2D"]
position = Vector2( 119, 4008 )
scale = Vector2( 5, 5 )
texture = ExtResource( 2 )

[node name="Slice3533" type="Sprite" parent="Node2D"]
position = Vector2( 469.001, 4008 )
scale = Vector2( 5, 5 )
texture = ExtResource( 2 )

[node name="Slice3534" type="Sprite" parent="Node2D"]
position = Vector2( 819.001, 4008 )
scale = Vector2( 5, 5 )
texture = ExtResource( 2 )

[node name="Slice3535" type="Sprite" parent="Node2D"]
position = Vector2( 1869, 4008 )
scale = Vector2( 5, 5 )
texture = ExtResource( 2 )

[node name="Slice3536" type="Sprite" parent="Node2D"]
position = Vector2( 2219, 4008 )
scale = Vector2( 5, 5 )
texture = ExtResource( 2 )

[node name="Slice3537" type="Sprite" parent="Node2D"]
position = Vector2( 1169, 4008 )
scale = Vector2( 5, 5 )
texture = ExtResource( 2 )

[node name="Slice3538" type="Sprite" parent="Node2D"]
position = Vector2( 1519, 4008 )
scale = Vector2( 5, 5 )
texture = ExtResource( 2 )

[node name="Slice3539" type="Sprite" parent="Node2D"]
position = Vector2( 2569, 4008 )
scale = Vector2( 5, 5 )
texture = ExtResource( 2 )

[node name="Slice3540" type="Sprite" parent="Node2D"]
position = Vector2( 2919, 4008 )
scale = Vector2( 5, 5 )
texture = ExtResource( 2 )

[node name="Slice3541" type="Sprite" parent="Node2D"]
position = Vector2( -2331, 4358 )
scale = Vector2( 5, 5 )
texture = ExtResource( 2 )

[node name="Slice3542" type="Sprite" parent="Node2D"]
position = Vector2( -1981, 4358 )
scale = Vector2( 5, 5 )
texture = ExtResource( 2 )

[node name="Slice3543" type="Sprite" parent="Node2D"]
position = Vector2( -930.999, 4358 )
scale = Vector2( 5, 5 )
texture = ExtResource( 2 )

[node name="Slice3544" type="Sprite" parent="Node2D"]
position = Vector2( -580.999, 4358 )
scale = Vector2( 5, 5 )
texture = ExtResource( 2 )

[node name="Slice3545" type="Sprite" parent="Node2D"]
position = Vector2( -1631, 4358 )
scale = Vector2( 5, 5 )
texture = ExtResource( 2 )

[node name="Slice3546" type="Sprite" parent="Node2D"]
position = Vector2( -1281, 4358 )
scale = Vector2( 5, 5 )
texture = ExtResource( 2 )

[node name="Slice3547" type="Sprite" parent="Node2D"]
position = Vector2( -230.999, 4358 )
scale = Vector2( 5, 5 )
texture = ExtResource( 2 )

[node name="Slice3548" type="Sprite" parent="Node2D"]
position = Vector2( 119, 4358 )
scale = Vector2( 5, 5 )
texture = ExtResource( 2 )

[node name="Slice3549" type="Sprite" parent="Node2D"]
position = Vector2( 469.001, 4358 )
scale = Vector2( 5, 5 )
texture = ExtResource( 2 )

[node name="Slice3550" type="Sprite" parent="Node2D"]
position = Vector2( 819.001, 4358 )
scale = Vector2( 5, 5 )
texture = ExtResource( 2 )

[node name="Slice3551" type="Sprite" parent="Node2D"]
position = Vector2( 1869, 4358 )
scale = Vector2( 5, 5 )
texture = ExtResource( 2 )

[node name="Slice3552" type="Sprite" parent="Node2D"]
position = Vector2( 2219, 4358 )
scale = Vector2( 5, 5 )
texture = ExtResource( 2 )

[node name="Slice3553" type="Sprite" parent="Node2D"]
position = Vector2( 1169, 4358 )
scale = Vector2( 5, 5 )
texture = ExtResource( 2 )

[node name="Slice3554" type="Sprite" parent="Node2D"]
position = Vector2( 1519, 4358 )
scale = Vector2( 5, 5 )
texture = ExtResource( 2 )

[node name="Slice3555" type="Sprite" parent="Node2D"]
position = Vector2( 2569, 4358 )
scale = Vector2( 5, 5 )
texture = ExtResource( 2 )

[node name="Slice3556" type="Sprite" parent="Node2D"]
position = Vector2( 2919, 4358 )
scale = Vector2( 5, 5 )
texture = ExtResource( 2 )

[node name="Slice3557" type="Sprite" parent="Node2D"]
position = Vector2( -2331, 4708 )
scale = Vector2( 5, 5 )
texture = ExtResource( 2 )

[node name="Slice3558" type="Sprite" parent="Node2D"]
position = Vector2( -1981, 4708 )
scale = Vector2( 5, 5 )
texture = ExtResource( 2 )

[node name="Slice3559" type="Sprite" parent="Node2D"]
position = Vector2( -930.999, 4708 )
scale = Vector2( 5, 5 )
texture = ExtResource( 2 )

[node name="Slice3560" type="Sprite" parent="Node2D"]
position = Vector2( -580.999, 4708 )
scale = Vector2( 5, 5 )
texture = ExtResource( 2 )

[node name="Slice3561" type="Sprite" parent="Node2D"]
position = Vector2( -1631, 4708 )
scale = Vector2( 5, 5 )
texture = ExtResource( 2 )

[node name="Slice3562" type="Sprite" parent="Node2D"]
position = Vector2( -1281, 4708 )
scale = Vector2( 5, 5 )
texture = ExtResource( 2 )

[node name="Slice3563" type="Sprite" parent="Node2D"]
position = Vector2( -230.999, 4708 )
scale = Vector2( 5, 5 )
texture = ExtResource( 2 )

[node name="Slice3564" type="Sprite" parent="Node2D"]
position = Vector2( 119, 4708 )
scale = Vector2( 5, 5 )
texture = ExtResource( 2 )

[node name="Slice3565" type="Sprite" parent="Node2D"]
position = Vector2( 469.001, 4708 )
scale = Vector2( 5, 5 )
texture = ExtResource( 2 )

[node name="Slice3566" type="Sprite" parent="Node2D"]
position = Vector2( 819.001, 4708 )
scale = Vector2( 5, 5 )
texture = ExtResource( 2 )

[node name="Slice3567" type="Sprite" parent="Node2D"]
position = Vector2( 1869, 4708 )
scale = Vector2( 5, 5 )
texture = ExtResource( 2 )

[node name="Slice3568" type="Sprite" parent="Node2D"]
position = Vector2( 2219, 4708 )
scale = Vector2( 5, 5 )
texture = ExtResource( 2 )

[node name="Slice3569" type="Sprite" parent="Node2D"]
position = Vector2( 1169, 4708 )
scale = Vector2( 5, 5 )
texture = ExtResource( 2 )

[node name="Slice3570" type="Sprite" parent="Node2D"]
position = Vector2( 1519, 4708 )
scale = Vector2( 5, 5 )
texture = ExtResource( 2 )

[node name="Slice3571" type="Sprite" parent="Node2D"]
position = Vector2( 2569, 4708 )
scale = Vector2( 5, 5 )
texture = ExtResource( 2 )

[node name="Slice3572" type="Sprite" parent="Node2D"]
position = Vector2( 2919, 4708 )
scale = Vector2( 5, 5 )
texture = ExtResource( 2 )

[node name="Slice3573" type="Sprite" parent="Node2D"]
position = Vector2( -2331, 5058 )
scale = Vector2( 5, 5 )
texture = ExtResource( 2 )

[node name="Slice3574" type="Sprite" parent="Node2D"]
position = Vector2( -1981, 5058 )
scale = Vector2( 5, 5 )
texture = ExtResource( 2 )

[node name="Slice3575" type="Sprite" parent="Node2D"]
position = Vector2( -930.999, 5058 )
scale = Vector2( 5, 5 )
texture = ExtResource( 2 )

[node name="Slice3576" type="Sprite" parent="Node2D"]
position = Vector2( -580.999, 5058 )
scale = Vector2( 5, 5 )
texture = ExtResource( 2 )

[node name="Slice3577" type="Sprite" parent="Node2D"]
position = Vector2( -1631, 5058 )
scale = Vector2( 5, 5 )
texture = ExtResource( 2 )

[node name="Slice3578" type="Sprite" parent="Node2D"]
position = Vector2( -1281, 5058 )
scale = Vector2( 5, 5 )
texture = ExtResource( 2 )

[node name="Slice3579" type="Sprite" parent="Node2D"]
position = Vector2( -230.999, 5058 )
scale = Vector2( 5, 5 )
texture = ExtResource( 2 )

[node name="Slice3580" type="Sprite" parent="Node2D"]
position = Vector2( 119.001, 5058 )
scale = Vector2( 5, 5 )
texture = ExtResource( 2 )

[node name="Slice3581" type="Sprite" parent="Node2D"]
position = Vector2( 469.002, 5058 )
scale = Vector2( 5, 5 )
texture = ExtResource( 2 )

[node name="Slice3582" type="Sprite" parent="Node2D"]
position = Vector2( 819.002, 5058 )
scale = Vector2( 5, 5 )
texture = ExtResource( 2 )

[node name="Slice3583" type="Sprite" parent="Node2D"]
position = Vector2( 1869, 5058 )
scale = Vector2( 5, 5 )
texture = ExtResource( 2 )

[node name="Slice3584" type="Sprite" parent="Node2D"]
position = Vector2( 2219, 5058 )
scale = Vector2( 5, 5 )
texture = ExtResource( 2 )

[node name="Slice3585" type="Sprite" parent="Node2D"]
position = Vector2( 1169, 5058 )
scale = Vector2( 5, 5 )
texture = ExtResource( 2 )

[node name="Slice3586" type="Sprite" parent="Node2D"]
position = Vector2( 1519, 5058 )
scale = Vector2( 5, 5 )
texture = ExtResource( 2 )

[node name="Slice3587" type="Sprite" parent="Node2D"]
position = Vector2( 2569, 5058 )
scale = Vector2( 5, 5 )
texture = ExtResource( 2 )

[node name="Slice3588" type="Sprite" parent="Node2D"]
position = Vector2( 2919, 5058 )
scale = Vector2( 5, 5 )
texture = ExtResource( 2 )

[node name="Player" parent="." instance=ExtResource( 1 )]
position = Vector2( -2060, -123 )

[node name="Camera2D" type="Camera2D" parent="Player"]
current = true

[node name="Limits" type="Node" parent="."]

[node name="MeshInstance2D" type="MeshInstance2D" parent="Limits"]
position = Vector2( 77, -396 )
mesh = SubResource( 1 )

[node name="StaticBody2D" type="StaticBody2D" parent="Limits/MeshInstance2D"]
collision_layer = 65535
collision_mask = 65535

[node name="CollisionShape2D" type="CollisionShape2D" parent="Limits/MeshInstance2D/StaticBody2D"]
shape = SubResource( 2 )

[node name="MeshInstance2D4" type="MeshInstance2D" parent="Limits"]
position = Vector2( 77, 4704 )
mesh = SubResource( 1 )

[node name="StaticBody2D" type="StaticBody2D" parent="Limits/MeshInstance2D4"]
collision_layer = 65535
collision_mask = 65535

[node name="CollisionShape2D" type="CollisionShape2D" parent="Limits/MeshInstance2D4/StaticBody2D"]
shape = SubResource( 2 )

[node name="MeshInstance2D2" type="MeshInstance2D" parent="Limits"]
position = Vector2( -2373, 2154 )
rotation = 1.5708
mesh = SubResource( 1 )

[node name="StaticBody2D" type="StaticBody2D" parent="Limits/MeshInstance2D2"]
collision_layer = 65535
collision_mask = 65535

[node name="CollisionShape2D" type="CollisionShape2D" parent="Limits/MeshInstance2D2/StaticBody2D"]
shape = SubResource( 2 )

[node name="MeshInstance2D3" type="MeshInstance2D" parent="Limits"]
position = Vector2( 2526, 2154 )
rotation = 1.5708
mesh = SubResource( 1 )

[node name="StaticBody2D" type="StaticBody2D" parent="Limits/MeshInstance2D3"]
collision_layer = 65535
collision_mask = 65535

[node name="CollisionShape2D" type="CollisionShape2D" parent="Limits/MeshInstance2D3/StaticBody2D"]
shape = SubResource( 2 )
